 Dungeon Crawl Stone Soup version 0.28-a0-957-g42eb19b844 (webtiles) character file.

Game seed: 17073202993319010596

40 mcbry74 the Chopper (level 3, -3/31 HPs)
             Began as a Hill Orc Fighter on Nov 30, 2021.
             Killed from afar by an orc wizard (4 damage)
             ... with a magic dart
             ... on level 3 of the Dungeon.
             The game lasted 00:03:36 (1023 turns).

mcbry74 the Chopper (Hill Orc Fighter)              Turns: 1023, Time: 00:03:37

Health: -3/31      AC: 10    Str: 20    XL:     3   Next: 50%
Magic:  3/3        EV:  9    Int:  8    God:
Gold:   15         SH:  4    Dex: 10    Spells: 2/2 levels left

rFire   . . .      SeeInvis .   a - +0 war axe
rCold   . . .      Faith    .   c - +0 buckler
rNeg    . . .      Spirit   .   b - +0 scale mail
rPois   .          Reflect  .   e - +0 helmet
rElec   .          Harm     .   (no cloak)
rCorr   .          Rampage  .   g - +1 pair of gloves
Will    .....                   (no boots)
Stlth   ..........              (no amulet)
HPRegen 0.10/turn               (no ring)
MPRegen 0.08/turn               (no ring)

@: no status effects
A: no striking features
a: no special abilities


You were on level 3 of the Dungeon.
You visited 1 branch of the dungeon, and saw 4 of its levels.

You collected 15 gold pieces.

Inventory:

Hand Weapons
 a - a +0 war axe (weapon)
Armour
 b - a +0 scale mail (worn)
 c - a +0 buckler (worn)
 e - a +0 helmet (worn)
 g - a +1 pair of gloves (worn)
Scrolls
 f - a scroll of teleportation {unknown}
 h - a scroll of fog {unknown}
 i - a scroll of identify {unknown}
 j - a scroll of enchant armour {unknown}
 m - a scroll of fear {unknown}
Potions
 d - a potion of might
 k - a potion of brilliance
 l - 5 potions of curing {unknown}


   Skills:
 - Level 3.6 Fighting
 * Level 4.1(4.3) Axes
 + Level 1.4(2.6) Maces & Flails
 + Level 3.7 Armour
 - Level 3.2 Shields


You had 2 spell levels left.
You didn't know any spells.
Your spell library was empty.

Dungeon Overview and Level Annotations

Branches:
Dungeon (4/15)
 Temple: D:4-7

Altars:

Annotations:
D:2 Sigmund


Message History

The orc hits you with a +0 club.
You hear some strange, mumbled words.
A magic dart appears from out of thin air!
The magic dart hits you.
* * * LOW HITPOINT WARNING * * *
You barely miss the orc wizard.
The orc wizard is lightly wounded.
You miss something. You closely miss the orc.
You hear the rusting of a very distant drain.
The orc wizard hits you but does no damage.
The orc closely misses you.
You hear some strange, mumbled words.
A puff of flame appears from out of thin air!
The puff of flame hits you.
* * * LOW HITPOINT WARNING * * *
You bump into the rock wall.
The orc wizard hits you but does no damage.
The orc closely misses you. Something hits you but does no damage.
You bump into the rock wall.
The orc wizard hits you but does no damage.
The orc hits you but does no damage. Something hits you but does no damage.
You closely miss the orc wizard.
The orc wizard is lightly wounded.
You miss something. You hit the orc.
You feel less confused.
The orc wizard hits you with a +0 dagger.
* * * LOW HITPOINT WARNING * * *
The orc hits you but does no damage. Something hits you but does no damage.
You barely miss the orc wizard.
The orc wizard is lightly wounded.
You barely miss something. You hit the orc.
The orc wizard gestures wildly while chanting.
The orc wizard flickers and vanishes!
You block the orc's attack. Something hits you but does no damage.
You miss something. x2; You hit the orc.
Something hits you but does no damage. The orc hits you but does no damage.
You hear some strange, mumbled words.
A magic dart appears from out of thin air!
The magic dart hits you.
You die...

##### ###...#
##...#.######## .
##..###......o.##
.##..###########@{#
...........# ##{#
#..#####...#### o..
..#..†.........
...#
.....##.##..###
#### ...####.# #
..# ##.# ..# #..#
...###.##


You could see 2 orcs.

Vanquished Creatures
  An adder (D:4)
  A worm (D:3)
  A dart slug (D:1)
  4 bats (D:1)
  2 endoplasms (D:1)
  2 giant cockroaches (D:1)
  3 goblins
  3 hobgoblins (D:1)
  A quokka (D:1)
  3 ball pythons
  2 frilled lizards (D:1)
  2 kobolds (D:1)
  2 rats (D:1)
27 creatures vanquished.

Notes
Turn   | Place    | Note
-------+----------+-------------------------------------------
     0 | D:1      | mcbry74 the Hill Orc Fighter began the quest for the Orb.
     0 | D:1      | Reached XP level 1. HP: 19/19 MP: 1/1
    25 | D:1      | You fall into a shaft and drop 1 floor!
   111 | D:1      | Reached skill level 3 in Axes
   154 | D:1      | Reached XP level 2. HP: 26/26 MP: 2/2
   448 | D:1      | Reached skill level 1 in Maces & Flails
   487 | D:1      | Found a faded altar of an unknown god.
   641 | D:1      | Reached XP level 3. HP: 25/31 MP: 3/3
   818 | D:2      | Noticed Sigmund
   822 | D:2      | You fall into a shaft and drop 2 floors!
   834 | D:4      | Reached skill level 4 in Axes
  1018 | D:3      | HP: 1/31 [something/puff of flame (6)]
  1023 | D:3      | Killed from afar by an orc wizard

Illustrated notes

Levels and vault maps discovered:
D:1:      minmay_arrival_widening_spiral_wide, layout_basic,
          ebering_ecumenical_altar_abandoned, interstate_on_off, st_stairs_12,
          minmay_strange_pillars, hex_large
D:2:      layout_basic, uniq_sigmund
D:3:      layout_rooms, minitemple, gup_sewer_entry_pipe, minmay_misc_feat_rows
D:4:      layout_gridville, minmay_temple_entry_drinking_statues,
          kennysheep_pointless_box, nicolae_elemental_shop

Skill      XL: |  1  2  3 |
---------------+----------+-----
Axes           | 3 4 |  4.1
Maces & Flails | 1 |  1.4
Fighting       | |  3.6
Armour         | |  3.7
Shields        | |  3.2

Action                   || total
-------------------------++-------
Melee: War axe           ||    90
  Use: Potion            ||     1
Armor: Scale mail        ||    73
Dodge: Dodged            ||    44
Block: Buckler           ||    24

Table legend: (Time is in decaauts)
 A = Elapsed time spent in this place.
 B = Non-inter-level travel time spent in this place.
 C = Inter-level travel time spent in this place.
 D = Time resting spent in this place.
 E = Time spent auto-exploring this place.
 F = Levels seen in this place.
 G = Mean time per level.
                   A        B        C        D        E       F      G
               +--------+--------+--------+--------+--------+-----+--------+
         Total |   1051 |   1048 |      3 |      0 |    742 |   4 |  262.8 |
       Dungeon |   1051 |   1048 |      3 |      0 |    742 |   4 |  262.8 |
               +--------+--------+--------+--------+--------+-----+--------+

Top non-repeatable levels by time:
     D:1: 803 daAuts
     D:3: 156 daAuts
     D:4: 51 daAuts
     D:2: 39 daAuts
